 Dungeon Crawl Stone Soup version 0.27.1-34-g3ba077fa99 (webtiles) character file.

Game seed: 18879278594925472

163 ildemir the Chopper (level 5, -7/45 HPs)
             Began as a Hill Orc Monk on Jan 8, 2022.
             Killed by divine providence
             ... invoked by an orc priest
              (13 damage)
             ... on level 4 of the Dungeon.
             The game lasted 00:07:53 (4104 turns).

ildemir the Chopper (Hill Orc Monk)                 Turns: 4104, Time: 00:07:54

Health: -7/45      AC:  6    Str: 15    XL:     5   Next: 44%
Magic:  5/5        EV: 11    Int: 10    God:
Gold:   51         SH:  0    Dex: 13    Spells: 4/4 levels left

rFire    + . .     SeeInvis .   a - +0 hand axe
rCold    . . .     Faith    .   (no shield)
rNeg     . . .     Spirit   .   d - +0 ring mail
rPois    .         Reflect  .   m - +0 helmet
rElec    .         Harm     .   (no cloak)
rCorr    .         Rampage  .   (no gloves)
Will     .....                  (no boots)
Stlth    +.........             (no amulet)
HPRegen  0.15/turn              c - ring of protection from fire
MPRegen  0.09/turn              q - ring of flight

@: lethally poisoned (-7 -> -15), flying
A: no striking features
a: Convert to Beogh


You were on level 4 of the Dungeon.
You visited 1 branch of the dungeon, and saw 4 of its levels.

You collected 93 gold pieces.
You spent 42 gold pieces at shops.

Inventory:

Hand Weapons
 a - a +0 hand axe (weapon)
Missiles
 b - 72 stones (quivered)
 i - a throwing net
 n - 31 poisoned darts
Armour
 d - a +0 ring mail (worn)
 m - a +0 helmet (worn)
Jewellery
 c - a ring of protection from fire (left hand)
 q - a ring of flight (right hand)
Scrolls
 f - a scroll of acquirement {unknown}
 j - a scroll of teleportation
 k - a scroll of identify {unknown}
Potions
 e - a potion of lignification {unknown}
 g - a potion of brilliance {unknown}
 h - a potion of mutation {unknown}
 l - a potion of flight {unknown}
 o - a potion of haste {unknown}
 p - a potion of attraction {unknown}


   Skills:
 - Level 3.6 Fighting
 + Level 7.9 Axes
 - Level 2.4 Dodging
 - Level 1.5 Stealth


You had 4 spell levels left.
You didn't know any spells.
Your spell library contained the following spells:

 Spells                   Type           Power      Damage    Failure   Level
 Stone Arrow              Conj/Erth      0%         3d7       92%         3
 Bolt of Magma            Conj/Fire/Erth 0%         4d4       100%        5
 Eringya's Noxious Bog    Tmut/Pois      0%         N/A       100%        6


Dungeon Overview and Level Annotations

Branches:
Dungeon (4/15)
 Temple: D:4-7

Altars:
Okawaru
Sif Muna

Shops:
D:2 ?   D:4 [


Message History

You hit the dart slug. You closely miss the orc.
You hear a shout!
The orc closely misses you.
The dart slug bites you but does no damage.
You closely miss the orc.
The orc is severely wounded.
The orc priest shouts, "Surrender to Beogh and we'll let you live!" (press Y on the ability menu to convert to Beogh)
You hit the dart slug. You hit the orc.
You kill the orc!
The orc barely misses you.
You slash the orc!
You kill the orc!
You hit the dart slug.
You kill the dart slug!
You barely miss the scorpion. The scorpion closely misses you.
You hit the scorpion but do no damage. The scorpion stings you.
The orc priest shouts, "Surrender to Beogh and we'll let you live!"
You hit the scorpion but do no damage. The scorpion stings you!
You are poisoned.
The scorpion poisons you!
You closely miss the scorpion.
You feel very sick. The scorpion stings you. x2
You are lethally poisoned!
The scorpion poisons you!
* * * LOW HITPOINT WARNING * * *
You feel very sick.
Things that are here:
a +0 flail; a +0 scale mail; an orc corpse
* * * LOW HITPOINT WARNING * * *
You feel very sick.
* * * LOW HITPOINT WARNING * * *
You feel very sick.
There is a stone staircase leading up here.
* * * LOW HITPOINT WARNING * * *
You feel sick. The scorpion closely misses you.
The orc priest mumbles some strange prayers to Beogh against you.
Beogh smites you!
You die...

#.# .? #. #.# #.#
#. #.# ....#∩
#.## #...#.###..
..........####..#
.......o.).)>...#
#.........#######
......<@s.......#
####.#..#.#####.#
......#.#
###.#.##.# #.#.
#.# . #. ..# # ##
###


You could see a scorpion and an orc priest.

Vanquished Creatures
  Jessica (D:3)
  2 adders (D:2)
  6 gnolls
  A worm (D:2)
  4 dart slugs
  5 orcs
  5 ball pythons
  3 bats
  An endoplasm (D:3)
  A giant cockroach (D:1)
  2 goblins (D:3)
  3 hobgoblins
  3 quokkas
  3 frilled lizards
  5 kobolds
  4 rats
49 creatures vanquished.

Vanquished Creatures (others)
  4 fungi (D:2)
  6 plants (D:2)
10 creatures vanquished.

Grand Total: 59 creatures vanquished

Notes
Turn   | Place    | Note
-------+----------+-------------------------------------------
     0 | D:1      | ildemir the Hill Orc Monk began the quest for the Orb.
     0 | D:1      | Reached XP level 1. HP: 19/19 MP: 1/1
   524 | D:1      | Reached XP level 2. HP: 23/26 MP: 2/2
   837 | D:1      | Reached skill level 5 in Axes
   952 | D:1      | Got the Volume of Contamination and Earth
  1371 | D:1      | Reached XP level 3. HP: 15/31 MP: 3/3
  1787 | D:2      | Reached skill level 6 in Axes
  1809 | D:2      | Found Qocumn's Magic Scroll Emporium.
  1833 | D:2      | Reached XP level 4. HP: 33/39 MP: 4/4
  1908 | D:2      | Bought a scroll of teleportation for 42 gold pieces
  2204 | D:2      | Found a faded altar of an unknown god.
  2770 | D:3      | Noticed Jessica
  2788 | D:3      | Killed Jessica
  2789 | D:3      | Reached skill level 7 in Axes
  2918 | D:3      | Found an iron altar of Okawaru.
  2987 | D:3      | Reached XP level 5. HP: 45/45 MP: 5/5
  3966 | D:3      | Found a shimmering blue altar of Sif Muna.
  4084 | D:4      | Found Jiwk's Armour Emporium.
  4104 | D:4      | Killed from afar by an orc priest

Illustrated notes

Levels and vault maps discovered:
D:1:      onia_arrival_mini_maze, layout_basic, chequers_serial_rivers_marsh
D:2:      layout_loops_ring, shapermc_ecumenical_altar_gd, serial_shops,
          nicolae_shop_statue_plus, minmay_misc_feat_rugged,
          minmay_misc_feat_encased, serial_bayou_pond_a, minivault_27
D:3:      layout_basic, mainiacjoe_overflow_tiny_flanked, lemuel_blue_sif_altar,
          amcnicky_mini_pool_small, uniq_jessica
D:4:      layout_basic, nicolae_ossuary_entry_monument, serial_shops,
          nicolae_shop_statue_plus, shop, kennysheep_little_box,
          serial_bayou_lake_a

Skill      XL: |  1  2  3  4 |
---------------+-------------+-----
Axes           | 5 6 7 |  7.9
Fighting       | |  3.6
Dodging        | |  2.4
Stealth        | |  1.5

Action                   |  1- 3 |  4- 6 || total
-------------------------+-------+-------++-------
Melee: Hand axe          |    60 |   163 ||   223
Throw: Stone             |     7 |     4 ||    11
       Throwing net      |     1 |       ||     1
 Stab: Sleeping          |     1 |       ||     1
       Held in net/web   |     1 |       ||     1
Armor: Ring mail         |    21 |    58 ||    79
Dodge: Dodged            |    28 |    79 ||   107
